Workbook
Name BusinessType: SETTINGS!$L$4:$L$7
Name CallType: SETTINGS!$J$4:$J$9
Name Currency: SETTINGS!$M$4:$M$11
Name CustomerIDs: tblCustomers[Customer ID]
Name CustomerType: SETTINGS!$G$4:$G$5
Name EquipmentIDs: tblEquipment[Equipment ID]
Name EquipmentType: SETTINGS!$H$4:$H$10
Name EstimateStatus: SETTINGS!$D$4:$D$8
Name ExpenseCategory: SETTINGS!$E$4:$E$13
Name Frequency: SETTINGS!$K$4:$K$7
Name InvoiceIDs: tblInvoices[Invoice ID]
Name JobCostCategory: SETTINGS!$F$4:$F$9
Name JobIDs: tblJobs[Job ID]
Name PaymentMethod: SETTINGS!$I$4:$I$9
Name PaymentStatus: SETTINGS!$C$4:$C$7
Name ProjectStatus: SETTINGS!$A$4:$A$10
Name ServiceCallStatus: SETTINGS!$B$4:$B$7

Sheet START HERE
A1: HVAC BUSINESS MANAGER
A2: Professional HVAC Business Management System for Small Service Companies
A4: COMPANY INFORMATION | D4: FINANCIAL SETTINGS
A5: Company Name | D5: Default Currency
A6: Owner / Manager | D6: Tax Rate | E6: 0
A7: Email | D7: Default Markup | E7: 0.2
A8: Phone | D8: Default Overhead | E8: 0.1
A9: Country
A10: City
A11: Business Type
A14: HOW TO USE
A15: 1. Complete company and financial settings
A16: 2. Add customers and their HVAC equipment
A17: 3. Record service calls and create estimates
A18: 4. Track jobs, parts, labor, expenses and payments
A19: 5. Review job profitability and business reports
A22: IMPORTANT: Do not delete the SETTINGS sheet. It contains the lists used throughout the workbook.

Sheet SETTINGS
A1: HVAC BUSINESS MANAGER - SETTINGS
A3: Project Status | B3: Service Call Status | C3: Payment Status | D3: Estimate Status | E3: Expense Category | F3: Job Cost Category | G3: Customer Type | H3: Equipment Type | I3: Payment Method | J3: Call Type | K3: Frequency | L3: Business Type | M3: Currency
A4: Lead | B4: Scheduled | C4: Unpaid | D4: Draft | E4: Parts | F4: Parts | G4: Residential | H4: Split System | I4: Cash | J4: Repair | K4: Monthly | L4: HVAC Contractor | M4: USD
A5: Quoted | B5: In Progress | C5: Partially Paid | D5: Sent | E5: Labor | F5: Labor | G5: Commercial | H5: Package Unit | I5: Bank Transfer | J5: Maintenance | K5: Quarterly | L5: HVAC Service Company | M5: EUR
A6: Approved | B6: Completed | C6: Paid | D6: Accepted | E6: Fuel | F6: Subcontractor | H6: Mini Split | I6: Credit Card | J6: Installation | K6: Semi-Annual | L6: HVAC Installation Company | M6: GBP
A7: In Progress | B7: Cancelled | C7: Overdue | D7: Rejected | E7: Vehicle | F7: Equipment | H7: Heat Pump | I7: Debit Card | J7: Inspection | K7: Annual | L7: Other | M7: CAD
A8: On Hold | D8: Expired | E8: Tools | F8: Travel | H8: Furnace | I8: Check | J8: Emergency | M8: AUD
A9: Completed | E9: Subcontractor | F9: Other | H9: Boiler | I9: Other | J9: Other | M9: EGP
A10: Cancelled | E10: Office | H10: Other | M10: SAR
E11: Insurance | M11: AED
E12: Advertising
E13: Other

Sheet Customer Type
A1: Customer ID | B1: Customer Name | C1: Customer Type | D1: Contact Person | E1: Phone | F1: Email | G1: Address | H1: City | I1: State/Region | J1: ZIP/Postal Code | K1: Notes
A2: CUST-001 | B2: Test Customer | C2: Residential | D2: Ahmed | E2: 1000000001 | F2: test@example.com | G2: Test Address | H2: America | I2: America | J2: 0 | K2: Initial test customer
A3: CUST-002 | B3: Second Test Customer | C3: Commercial

Sheet EQUIPMENT
A1: Equipment ID | B1: Customer ID | C1: Equipment Type | D1: Brand | E1: Model | F1: Serial Number | G1: Installation Date | H1: Warranty Expiry | I1: Location | J1: Last Service Date | K1: Notes
A2: EQ-001 | B2: CUST-001 | C2: Split System | D2: Carrier | E2: 24ABC | F2: SN-001 | G2: 46274 | H2: 46639 | I2: Main Office | J2: 46274 | K2: Initial equipment test

Sheet SERVICE CALLS
A1: Call ID | B1: Customer ID | C1: Equipment ID | D1: Scheduled Date | E1: Technician | F1: Call Type | G1: Status | H1: Problem / Request | I1: Resolution | J1: Labor Hours | K1: Notes
A2: CALL-001 | B2: CUST-001 | C2: EQ-001 | D2: 46274 | E2: Test Technician | F2: Maintenance | G2: Scheduled | H2: AC Not Cooling | I2: Initial inspection | J2: 2 | K2: Service call test
J23: 2

Sheet ESTIMATES
A1: Estimate ID | B1: Customer ID | C1: Project / Job | D1: Estimate Date | E1: Status | F1: Parts Cost | G1: Labor Cost | H1: Subcontractor Cost | I1: Other Cost | J1: Overhead | K1: Markup | L1: Tax | M1: Total Estimate | N1: Expected Profit
A2: EST-001 | B2: CUST-001 | C2: AC Installation Test | D2: 46274 | E2: Draft | F2: 3000 | G2: 3000 | H2: 2500 | I2: 500 | J2: 500 | K2: 0.1 | L2: 0 | M2: =IF(A2="","",SUM(F2:I2)+J2+(SUM(F2:I2)+J2)*K2+L2) -> 10450 | N2: =IF(A2="","",M2-SUM(F2:I2)-J2) -> 950
M3: =IF(A3="","",SUM(F3:I3)+J3+(SUM(F3:I3)+J3)*K3+L3) | N3: =IF(A3="","",M3-SUM(F3:I3)-J3)
M4: =IF(A4="","",SUM(F4:I4)+J4+(SUM(F4:I4)+J4)*K4+L4) | N4: =IF(A4="","",M4-SUM(F4:I4)-J4)
M5: =IF(A5="","",SUM(F5:I5)+J5+(SUM(F5:I5)+J5)*K5+L5) | N5: =IF(A5="","",M5-SUM(F5:I5)-J5)
M6: =IF(A6="","",SUM(F6:I6)+J6+(SUM(F6:I6)+J6)*K6+L6) | N6: =IF(A6="","",M6-SUM(F6:I6)-J6)
M7: =IF(A7="","",SUM(F7:I7)+J7+(SUM(F7:I7)+J7)*K7+L7) | N7: =IF(A7="","",M7-SUM(F7:I7)-J7)
M8: =IF(A8="","",SUM(F8:I8)+J8+(SUM(F8:I8)+J8)*K8+L8) | N8: =IF(A8="","",M8-SUM(F8:I8)-J8)
M9: =IF(A9="","",SUM(F9:I9)+J9+(SUM(F9:I9)+J9)*K9+L9) | N9: =IF(A9="","",M9-SUM(F9:I9)-J9)
M10: =IF(A10="","",SUM(F10:I10)+J10+(SUM(F10:I10)+J10)*K10+L10) | N10: =IF(A10="","",M10-SUM(F10:I10)-J10)
M11: =IF(A11="","",SUM(F11:I11)+J11+(SUM(F11:I11)+J11)*K11+L11) | N11: =IF(A11="","",M11-SUM(F11:I11)-J11)
M12: =IF(A12="","",SUM(F12:I12)+J12+(SUM(F12:I12)+J12)*K12+L12) | N12: =IF(A12="","",M12-SUM(F12:I12)-J12)
M13: =IF(A13="","",SUM(F13:I13)+J13+(SUM(F13:I13)+J13)*K13+L13) | N13: =IF(A13="","",M13-SUM(F13:I13)-J13)
M14: =IF(A14="","",SUM(F14:I14)+J14+(SUM(F14:I14)+J14)*K14+L14) | N14: =IF(A14="","",M14-SUM(F14:I14)-J14)
... M500: =IF(A500="","",SUM(F500:I500)+J500+(SUM(F500:I500)+J500)*K500+L500) | N500: =IF(A500="","",M500-SUM(F500:I500)-J500)

Sheet JOBS
A1: Job ID | B1: Customer ID | C1: Estimate ID | D1: Job Name | E1: Start Date | F1: End Date | G1: Status | H1: Contract Value | I1: Estimated Cost | J1: Actual Cost | K1: Gross Profit | L1: Margin %
A2: JOB-001 | B2: CUST-001 | C2: EST-001 | D2: AC Installation Test | E2: 46274 | F2: 46274 | G2: In Progress | H2: 10000 | I2: =IF(A2="","",IFERROR(SUMIFS(ESTIMATES!$F:$F,ESTIMATES!$A:$A,C2)+SUMIFS(ESTIMATES!$G:$G,ESTIMATES!$A:$A,C2)+SUMIFS(ESTIMATES!$H:$H,ESTIMATES!$A:$A,C2)+SUMIFS(ESTIMATES!$I:$I,ESTIMATES!$A:$A,C2)+SUMIFS(ESTIMATES!$J:$J,ESTIMATES!$A:$A,C2),0)) -> 9500 | J2: =IF(A2="","",SUMIF('JOB COSTING'!$B:$B,A2,'JOB COSTING'!$I:$I)) -> 8000 | K2: =IF(A2="","",H2-J2) -> 2000 | L2: =IFERROR(K2/H2,0) -> 0.2
I3: =IF(A3="","",IFERROR(SUMIFS(ESTIMATES!$F:$F,ESTIMATES!$A:$A,C3)+SUMIFS(ESTIMATES!$G:$G,ESTIMATES!$A:$A,C3)+SUMIFS(ESTIMATES!$H:$H,ESTIMATES!$A:$A,C3)+SUMIFS(ESTIMATES!$I:$I,ESTIMATES!$A:$A,C3)+SUMIFS(ESTIMATES!$J:$J,ESTIMATES!$A:$A,C3),0)) | J3: =IF(A3="","",SUMIF('JOB COSTING'!$B:$B,A3,'JOB COSTING'!$I:$I)) | K3: =IF(A3="","",H3-J3) | L3: =IFERROR(K3/H3,0) -> 0
B4: =IF(C4="","",IFERROR(INDEX(ESTIMATES!$B:$B,MATCH(C4,ESTIMATES!$A:$A,0)),"")) | I4: =IF(A4="","",IFERROR(SUMIFS(ESTIMATES!$F:$F,ESTIMATES!$A:$A,C4)+SUMIFS(ESTIMATES!$G:$G,ESTIMATES!$A:$A,C4)+SUMIFS(ESTIMATES!$H:$H,ESTIMATES!$A:$A,C4)+SUMIFS(ESTIMATES!$I:$I,ESTIMATES!$A:$A,C4)+SUMIFS(ESTIMATES!$J:$J,ESTIMATES!$A:$A,C4),0)) | J4: =IF(A4="","",SUMIF('JOB COSTING'!$B:$B,A4,'JOB COSTING'!$I:$I)) | K4: =IF(A4="","",H4-J4) | L4: =IFERROR(K4/H4,0) -> 0
B5: =IF(C5="","",IFERROR(INDEX(ESTIMATES!$B:$B,MATCH(C5,ESTIMATES!$A:$A,0)),"")) | I5: =IF(A5="","",IFERROR(SUMIFS(ESTIMATES!$F:$F,ESTIMATES!$A:$A,C5)+SUMIFS(ESTIMATES!$G:$G,ESTIMATES!$A:$A,C5)+SUMIFS(ESTIMATES!$H:$H,ESTIMATES!$A:$A,C5)+SUMIFS(ESTIMATES!$I:$I,ESTIMATES!$A:$A,C5)+SUMIFS(ESTIMATES!$J:$J,ESTIMATES!$A:$A,C5),0)) | J5: =IF(A5="","",SUMIF('JOB COSTING'!$B:$B,A5,'JOB COSTING'!$I:$I)) | K5: =IF(A5="","",H5-J5) | L5: =IFERROR(K5/H5,0) -> 0
B6: =IF(C6="","",IFERROR(INDEX(ESTIMATES!$B:$B,MATCH(C6,ESTIMATES!$A:$A,0)),"")) | I6: =IF(A6="","",IFERROR(SUMIFS(ESTIMATES!$F:$F,ESTIMATES!$A:$A,C6)+SUMIFS(ESTIMATES!$G:$G,ESTIMATES!$A:$A,C6)+SUMIFS(ESTIMATES!$H:$H,ESTIMATES!$A:$A,C6)+SUMIFS(ESTIMATES!$I:$I,ESTIMATES!$A:$A,C6)+SUMIFS(ESTIMATES!$J:$J,ESTIMATES!$A:$A,C6),0)) | J6: =IF(A6="","",SUMIF('JOB COSTING'!$B:$B,A6,'JOB COSTING'!$I:$I)) | K6: =IF(A6="","",H6-J6) | L6: =IFERROR(K6/H6,0) -> 0
B7: =IF(C7="","",IFERROR(INDEX(ESTIMATES!$B:$B,MATCH(C7,ESTIMATES!$A:$A,0)),"")) | I7: =IF(A7="","",IFERROR(SUMIFS(ESTIMATES!$F:$F,ESTIMATES!$A:$A,C7)+SUMIFS(ESTIMATES!$G:$G,ESTIMATES!$A:$A,C7)+SUMIFS(ESTIMATES!$H:$H,ESTIMATES!$A:$A,C7)+SUMIFS(ESTIMATES!$I:$I,ESTIMATES!$A:$A,C7)+SUMIFS(ESTIMATES!$J:$J,ESTIMATES!$A:$A,C7),0)) | J7: =IF(A7="","",SUMIF('JOB COSTING'!$B:$B,A7,'JOB COSTING'!$I:$I)) | K7: =IF(A7="","",H7-J7) | L7: =IFERROR(K7/H7,0) -> 0
B8: =IF(C8="","",IFERROR(INDEX(ESTIMATES!$B:$B,MATCH(C8,ESTIMATES!$A:$A,0)),"")) | I8: =IF(A8="","",IFERROR(SUMIFS(ESTIMATES!$F:$F,ESTIMATES!$A:$A,C8)+SUMIFS(ESTIMATES!$G:$G,ESTIMATES!$A:$A,C8)+SUMIFS(ESTIMATES!$H:$H,ESTIMATES!$A:$A,C8)+SUMIFS(ESTIMATES!$I:$I,ESTIMATES!$A:$A,C8)+SUMIFS(ESTIMATES!$J:$J,ESTIMATES!$A:$A,C8),0)) | J8: =IF(A8="","",SUMIF('JOB COSTING'!$B:$B,A8,'JOB COSTING'!$I:$I)) | K8: =IF(A8="","",H8-J8) | L8: =IFERROR(K8/H8,0) -> 0
B9: =IF(C9="","",IFERROR(INDEX(ESTIMATES!$B:$B,MATCH(C9,ESTIMATES!$A:$A,0)),"")) | I9: =IF(A9="","",IFERROR(SUMIFS(ESTIMATES!$F:$F,ESTIMATES!$A:$A,C9)+SUMIFS(ESTIMATES!$G:$G,ESTIMATES!$A:$A,C9)+SUMIFS(ESTIMATES!$H:$H,ESTIMATES!$A:$A,C9)+SUMIFS(ESTIMATES!$I:$I,ESTIMATES!$A:$A,C9)+SUMIFS(ESTIMATES!$J:$J,ESTIMATES!$A:$A,C9),0)) | J9: =IF(A9="","",SUMIF('JOB COSTING'!$B:$B,A9,'JOB COSTING'!$I:$I)) | K9: =IF(A9="","",H9-J9) | L9: =IFERROR(K9/H9,0) -> 0
B10: =IF(C10="","",IFERROR(INDEX(ESTIMATES!$B:$B,MATCH(C10,ESTIMATES!$A:$A,0)),"")) | I10: =IF(A10="","",IFERROR(SUMIFS(ESTIMATES!$F:$F,ESTIMATES!$A:$A,C10)+SUMIFS(ESTIMATES!$G:$G,ESTIMATES!$A:$A,C10)+SUMIFS(ESTIMATES!$H:$H,ESTIMATES!$A:$A,C10)+SUMIFS(ESTIMATES!$I:$I,ESTIMATES!$A:$A,C10)+SUMIFS(ESTIMATES!$J:$J,ESTIMATES!$A:$A,C10),0)) | J10: =IF(A10="","",SUMIF('JOB COSTING'!$B:$B,A10,'JOB COSTING'!$I:$I)) | K10: =IF(A10="","",H10-J10) | L10: =IFERROR(K10/H10,0) -> 0
B11: =IF(C11="","",IFERROR(INDEX(ESTIMATES!$B:$B,MATCH(C11,ESTIMATES!$A:$A,0)),"")) | I11: =IF(A11="","",IFERROR(SUMIFS(ESTIMATES!$F:$F,ESTIMATES!$A:$A,C11)+SUMIFS(ESTIMATES!$G:$G,ESTIMATES!$A:$A,C11)+SUMIFS(ESTIMATES!$H:$H,ESTIMATES!$A:$A,C11)+SUMIFS(ESTIMATES!$I:$I,ESTIMATES!$A:$A,C11)+SUMIFS(ESTIMATES!$J:$J,ESTIMATES!$A:$A,C11),0)) | J11: =IF(A11="","",SUMIF('JOB COSTING'!$B:$B,A11,'JOB COSTING'!$I:$I)) | K11: =IF(A11="","",H11-J11) | L11: =IFERROR(K11/H11,0) -> 0
B12: =IF(C12="","",IFERROR(INDEX(ESTIMATES!$B:$B,MATCH(C12,ESTIMATES!$A:$A,0)),"")) | I12: =IF(A12="","",IFERROR(SUMIFS(ESTIMATES!$F:$F,ESTIMATES!$A:$A,C12)+SUMIFS(ESTIMATES!$G:$G,ESTIMATES!$A:$A,C12)+SUMIFS(ESTIMATES!$H:$H,ESTIMATES!$A:$A,C12)+SUMIFS(ESTIMATES!$I:$I,ESTIMATES!$A:$A,C12)+SUMIFS(ESTIMATES!$J:$J,ESTIMATES!$A:$A,C12),0)) | J12: =IF(A12="","",SUMIF('JOB COSTING'!$B:$B,A12,'JOB COSTING'!$I:$I)) | K12: =IF(A12="","",H12-J12) | L12: =IFERROR(K12/H12,0) -> 0
B13: =IF(C13="","",IFERROR(INDEX(ESTIMATES!$B:$B,MATCH(C13,ESTIMATES!$A:$A,0)),"")) | I13: =IF(A13="","",IFERROR(SUMIFS(ESTIMATES!$F:$F,ESTIMATES!$A:$A,C13)+SUMIFS(ESTIMATES!$G:$G,ESTIMATES!$A:$A,C13)+SUMIFS(ESTIMATES!$H:$H,ESTIMATES!$A:$A,C13)+SUMIFS(ESTIMATES!$I:$I,ESTIMATES!$A:$A,C13)+SUMIFS(ESTIMATES!$J:$J,ESTIMATES!$A:$A,C13),0)) | J13: =IF(A13="","",SUMIF('JOB COSTING'!$B:$B,A13,'JOB COSTING'!$I:$I)) | K13: =IF(A13="","",H13-J13) | L13: =IFERROR(K13/H13,0) -> 0
B14: =IF(C14="","",IFERROR(INDEX(ESTIMATES!$B:$B,MATCH(C14,ESTIMATES!$A:$A,0)),"")) | I14: =IF(A14="","",IFERROR(SUMIFS(ESTIMATES!$F:$F,ESTIMATES!$A:$A,C14)+SUMIFS(ESTIMATES!$G:$G,ESTIMATES!$A:$A,C14)+SUMIFS(ESTIMATES!$H:$H,ESTIMATES!$A:$A,C14)+SUMIFS(ESTIMATES!$I:$I,ESTIMATES!$A:$A,C14)+SUMIFS(ESTIMATES!$J:$J,ESTIMATES!$A:$A,C14),0)) | J14: =IF(A14="","",SUMIF('JOB COSTING'!$B:$B,A14,'JOB COSTING'!$I:$I)) | K14: =IF(A14="","",H14-J14) | L14: =IFERROR(K14/H14,0) -> 0
B15: =IF(C15="","",IFERROR(INDEX(ESTIMATES!$B:$B,MATCH(C15,ESTIMATES!$A:$A,0)),"")) | I15: =IF(A15="","",IFERROR(SUMIFS(ESTIMATES!$F:$F,ESTIMATES!$A:$A,C15)+SUMIFS(ESTIMATES!$G:$G,ESTIMATES!$A:$A,C15)+SUMIFS(ESTIMATES!$H:$H,ESTIMATES!$A:$A,C15)+SUMIFS(ESTIMATES!$I:$I,ESTIMATES!$A:$A,C15)+SUMIFS(ESTIMATES!$J:$J,ESTIMATES!$A:$A,C15),0)) | J15: =IF(A15="","",SUMIF('JOB COSTING'!$B:$B,A15,'JOB COSTING'!$I:$I)) | K15: =IF(A15="","",H15-J15) | L15: =IFERROR(K15/H15,0) -> 0
... B500: =IF(C500="","",IFERROR(INDEX(ESTIMATES!$B:$B,MATCH(C500,ESTIMATES!$A:$A,0)),"")) | I500: =IF(A500="","",IFERROR(SUMIFS(ESTIMATES!$F:$F,ESTIMATES!$A:$A,C500)+SUMIFS(ESTIMATES!$G:$G,ESTIMATES!$A:$A,C500)+SUMIFS(ESTIMATES!$H:$H,ESTIMATES!$A:$A,C500)+SUMIFS(ESTIMATES!$I:$I,ESTIMATES!$A:$A,C500)+SUMIFS(ESTIMATES!$J:$J,ESTIMATES!$A:$A,C500),0)) | J500: =IF(A500="","",SUMIF('JOB COSTING'!$B:$B,A500,'JOB COSTING'!$I:$I)) | K500: =IF(A500="","",H500-J500) | L500: =IFERROR(K500/H500,0) -> 0

Sheet JOB COSTING
A1: Cost ID | B1: Job ID | C1: Date | D1: Category | E1: Description | F1: Vendor / Employee | G1: Quantity | H1: Unit Cost | I1: Total Cost | J1: Notes
A2: COST-001 | B2: JOB-001 | C2: 46274 | D2: Parts | E2: Compressor | F2: Test Vendor | G2: 1 | H2: 3000 | I2: =IF(B2="","",G2*H2) -> 3000 | J2: Initial cost test
A3: COST-002 | B3: JOB-001 | C3: 46274 | D3: Labor | E3: Installation Labor | F3: Test Employee | G3: 1 | H3: 2500 | I3: =IF(B3="","",G3*H3) -> 2500 | J3: Labor cost test
A4: COST-003 | B4: JOB-001 | C4: 46274 | D4: Subcontractor | E4: Electrical Work | F4: Test Subcontractor | G4: 1 | H4: 2500 | I4: =IF(B4="","",G4*H4) -> 2500 | J4: Subcontractor cost test
I5: =IF(B5="","",G5*H5)
I6: =IF(B6="","",G6*H6)
I7: =IF(B7="","",G7*H7)
I8: =IF(B8="","",G8*H8)
I9: =IF(B9="","",G9*H9)
I10: =IF(B10="","",G10*H10)
I11: =IF(B11="","",G11*H11)
I12: =IF(B12="","",G12*H12)
I13: =IF(B13="","",G13*H13)
I14: =IF(B14="","",G14*H14)
I15: =IF(B15="","",G15*H15)
I16: =IF(B16="","",G16*H16)
... I500: =IF(B500="","",G500*H500)

Sheet PARTS INVENTORY
A1: Part ID | B1: Part Number | C1: Part Name | D1: Category | E1: Supplier | F1: Unit Cost | G1: Selling Price | H1: Qty On Hand | I1: Reorder Level | J1: Reorder Qty | K1: Inventory Value | L1: Notes
A2: PART-001 | B2: COMP-001 | C2: Compressor | D2: HVAC Parts | E2: Test Supplier | F2: 3000 | G2: 4500 | H2: 5 | I2: 2 | J2: 5 | K2: =IF(A2="","",F2*H2) -> 15000
K3: =IF(A3="","",F3*H3)
K4: =IF(A4="","",F4*H4)
K5: =IF(A5="","",F5*H5)
K6: =IF(A6="","",F6*H6)
K7: =IF(A7="","",F7*H7)
K8: =IF(A8="","",F8*H8)
K9: =IF(A9="","",F9*H9)
K10: =IF(A10="","",F10*H10)
K11: =IF(A11="","",F11*H11)
K12: =IF(A12="","",F12*H12)
K13: =IF(A13="","",F13*H13)
K14: =IF(A14="","",F14*H14)
... K505: =IF(A505="","",F505*H505)

Sheet MAINTENANCE AGREEMENTS
A1: Agreement ID | B1: Customer ID | C1: Equipment ID | D1: Plan Name | E1: Start Date | F1: End Date | G1: Frequency | H1: Price | I1: Last Service | J1: Next Service | K1: Status | L1: Notes
A2: AGR-001 | B2: CUST-001 | C2: EQ-001 | D2: Annual HVAC Plan | E2: 46274 | F2: 46639 | G2: Annual | H2: 12000 | I2: 46274 | J2: 46639 | K2: Approved | L2: Maintenance agreement test

Sheet INVOICES
A1: Invoice ID | B1: Customer ID | C1: Job ID | D1: Invoice Date | E1: Due Date | F1: Status | G1: Subtotal | H1: Tax | I1: Total Invoice | J1: Amount Paid | K1: Balance Due | L1: Notes
A2: INV-001 | B2: CUST-001 | C2: JOB-001 | D2: 46274 | E2: 46274 | F2: Partially Paid | G2: 10000 | H2: 0 | I2: =IF(A2="","",G2+H2) -> 10000 | J2: =IF(A2="","",SUMIFS(PAYMENTS!$F:$F,PAYMENTS!$B:$B,A2)) -> 6000 | K2: =IF(A2="","",MAX(0,I2-J2)) -> 4000 | L2: Invoice test
I3: =IF(A3="","",G3+H3) | J3: =IF(A3="","",SUMIFS(PAYMENTS!$F:$F,PAYMENTS!$B:$B,A3)) | K3: =IF(A3="","",MAX(0,I3-J3))
I4: =IF(A4="","",G4+H4) | J4: =IF(A4="","",SUMIFS(PAYMENTS!$F:$F,PAYMENTS!$B:$B,A4)) | K4: =IF(A4="","",MAX(0,I4-J4))
I5: =IF(A5="","",G5+H5) | J5: =IF(A5="","",SUMIFS(PAYMENTS!$F:$F,PAYMENTS!$B:$B,A5)) | K5: =IF(A5="","",MAX(0,I5-J5))
I6: =IF(A6="","",G6+H6) | J6: =IF(A6="","",SUMIFS(PAYMENTS!$F:$F,PAYMENTS!$B:$B,A6)) | K6: =IF(A6="","",MAX(0,I6-J6))
I7: =IF(A7="","",G7+H7) | J7: =IF(A7="","",SUMIFS(PAYMENTS!$F:$F,PAYMENTS!$B:$B,A7)) | K7: =IF(A7="","",MAX(0,I7-J7))
I8: =IF(A8="","",G8+H8) | J8: =IF(A8="","",SUMIFS(PAYMENTS!$F:$F,PAYMENTS!$B:$B,A8)) | K8: =IF(A8="","",MAX(0,I8-J8))
I9: =IF(A9="","",G9+H9) | J9: =IF(A9="","",SUMIFS(PAYMENTS!$F:$F,PAYMENTS!$B:$B,A9)) | K9: =IF(A9="","",MAX(0,I9-J9))
I10: =IF(A10="","",G10+H10) | J10: =IF(A10="","",SUMIFS(PAYMENTS!$F:$F,PAYMENTS!$B:$B,A10)) | K10: =IF(A10="","",MAX(0,I10-J10))
I11: =IF(A11="","",G11+H11) | J11: =IF(A11="","",SUMIFS(PAYMENTS!$F:$F,PAYMENTS!$B:$B,A11)) | K11: =IF(A11="","",MAX(0,I11-J11))
I12: =IF(A12="","",G12+H12) | J12: =IF(A12="","",SUMIFS(PAYMENTS!$F:$F,PAYMENTS!$B:$B,A12)) | K12: =IF(A12="","",MAX(0,I12-J12))
I13: =IF(A13="","",G13+H13) | J13: =IF(A13="","",SUMIFS(PAYMENTS!$F:$F,PAYMENTS!$B:$B,A13)) | K13: =IF(A13="","",MAX(0,I13-J13))
I14: =IF(A14="","",G14+H14) | J14: =IF(A14="","",SUMIFS(PAYMENTS!$F:$F,PAYMENTS!$B:$B,A14)) | K14: =IF(A14="","",MAX(0,I14-J14))
... I507: =IF(A507="","",G507+H507) | J507: =IF(A507="","",SUMIFS(PAYMENTS!$F:$F,PAYMENTS!$B:$B,A507)) | K507: =IF(A507="","",MAX(0,I507-J507))

Sheet PAYMENTS
A1: Payment ID | B1: Invoice ID | C1: Customer ID | D1: Payment Date | E1: Payment Method | F1: Amount | G1: Reference | H1: Notes
A2: PAY-001 | B2: INV-001 | C2: CUST-001 | D2: 46274 | E2: Cash | F2: 6000 | G2: REF-001 | H2: Payment test

Sheet EXPENSES
A1: Expense ID | B1: Date | C1: Category | D1: Description | E1: Vendor | F1: Job ID | G1: Payment Method | H1: Amount | I1: Tax | J1: Total | K1: Notes
A2: EXP-001 | B2: 46274 | C2: Office | D2: Office Supplies | E2: Test Vendor | F2: JOB-001 | G2: Cash | H2: 1000 | J2: =IF(A2="","",H2+I2) -> 1000
J3: =IF(A3="","",H3+I3)
J4: =IF(A4="","",H4+I4)
J5: =IF(A5="","",H5+I5)
J6: =IF(A6="","",H6+I6)
J7: =IF(A7="","",H7+I7)
J8: =IF(A8="","",H8+I8)
J9: =IF(A9="","",H9+I9)
J10: =IF(A10="","",H10+I10)
J11: =IF(A11="","",H11+I11)
J12: =IF(A12="","",H12+I12)
J13: =IF(A13="","",H13+I13)
J14: =IF(A14="","",H14+I14)
... J498: =IF(A498="","",H498+I498)

Sheet PROFIT & LOSS
A1: Period | B1: Revenue | C1: Cost of Goods / Parts | D1: Labor | E1: Subcontractors | F1: Operating Expenses | G1: Total Costs | H1: Gross Profit | I1: Net Profit | J1: Margin %
A2: 46023 | B2: =SUMIFS(INVOICES!$I:$I,INVOICES!$D:$D,">="&EOMONTH($A2,-1)+1,INVOICES!$D:$D,"<="&EOMONTH($A2,0)) -> 0 | C2: =SUMIFS('JOB COSTING'!$I:$I,'JOB COSTING'!$C:$C,">="&EOMONTH($A2,-1)+1,'JOB COSTING'!$C:$C,"<="&EOMONTH($A2,0),'JOB COSTING'!$D:$D,"Parts") -> 0 | D2: =SUMIFS('JOB COSTING'!$I:$I,'JOB COSTING'!$C:$C,">="&EOMONTH($A2,-1)+1,'JOB COSTING'!$C:$C,"<="&EOMONTH($A2,0),'JOB COSTING'!$D:$D,"Labor") -> 0 | E2: =SUMIFS('JOB COSTING'!$I:$I,'JOB COSTING'!$C:$C,">="&EOMONTH($A2,-1)+1,'JOB COSTING'!$C:$C,"<="&EOMONTH($A2,0),'JOB COSTING'!$D:$D,"Subcontractor")+SUMIFS('JOB COSTING'!$I:$I,'JOB COSTING'!$C:$C,">="&EOMONTH($A2,-1)+1,'JOB COSTING'!$C:$C,"<="&EOMONTH($A2,0),'JOB COSTING'!$D:$D,"Subcontractors") -> 0 | F2: =SUMIFS(EXPENSES!$J:$J,EXPENSES!$B:$B,">="&EOMONTH($A2,-1)+1,EXPENSES!$B:$B,"<="&EOMONTH($A2,0)) -> 0 | G2: =C2+D2+E2+F2 -> 0 | H2: =B2-C2-D2-E2 -> 0 | I2: =H2-F2 -> 0 | J2: =IFERROR(I2/B2,0) -> 0
A3: 46054 | B3: =SUMIFS(INVOICES!$I:$I,INVOICES!$D:$D,">="&EOMONTH($A3,-1)+1,INVOICES!$D:$D,"<="&EOMONTH($A3,0)) -> 0 | C3: =SUMIFS('JOB COSTING'!$I:$I,'JOB COSTING'!$C:$C,">="&EOMONTH($A3,-1)+1,'JOB COSTING'!$C:$C,"<="&EOMONTH($A3,0),'JOB COSTING'!$D:$D,"Parts") -> 0 | D3: =SUMIFS('JOB COSTING'!$I:$I,'JOB COSTING'!$C:$C,">="&EOMONTH($A3,-1)+1,'JOB COSTING'!$C:$C,"<="&EOMONTH($A3,0),'JOB COSTING'!$D:$D,"Labor") -> 0 | E3: =SUMIFS('JOB COSTING'!$I:$I,'JOB COSTING'!$C:$C,">="&EOMONTH($A3,-1)+1,'JOB COSTING'!$C:$C,"<="&EOMONTH($A3,0),'JOB COSTING'!$D:$D,"Subcontractor")+SUMIFS('JOB COSTING'!$I:$I,'JOB COSTING'!$C:$C,">="&EOMONTH($A3,-1)+1,'JOB COSTING'!$C:$C,"<="&EOMONTH($A3,0),'JOB COSTING'!$D:$D,"Subcontractors") -> 0 | F3: =SUMIFS(EXPENSES!$J:$J,EXPENSES!$B:$B,">="&EOMONTH($A3,-1)+1,EXPENSES!$B:$B,"<="&EOMONTH($A3,0)) -> 0 | G3: =C3+D3+E3+F3 -> 0 | H3: =B3-C3-D3-E3 -> 0 | I3: =H3-F3 -> 0 | J3: =IFERROR(I3/B3,0) -> 0
A4: 46082 | B4: =SUMIFS(INVOICES!$I:$I,INVOICES!$D:$D,">="&EOMONTH($A4,-1)+1,INVOICES!$D:$D,"<="&EOMONTH($A4,0)) -> 0 | C4: =SUMIFS('JOB COSTING'!$I:$I,'JOB COSTING'!$C:$C,">="&EOMONTH($A4,-1)+1,'JOB COSTING'!$C:$C,"<="&EOMONTH($A4,0),'JOB COSTING'!$D:$D,"Parts") -> 0 | D4: =SUMIFS('JOB COSTING'!$I:$I,'JOB COSTING'!$C:$C,">="&EOMONTH($A4,-1)+1,'JOB COSTING'!$C:$C,"<="&EOMONTH($A4,0),'JOB COSTING'!$D:$D,"Labor") -> 0 | E4: =SUMIFS('JOB COSTING'!$I:$I,'JOB COSTING'!$C:$C,">="&EOMONTH($A4,-1)+1,'JOB COSTING'!$C:$C,"<="&EOMONTH($A4,0),'JOB COSTING'!$D:$D,"Subcontractor")+SUMIFS('JOB COSTING'!$I:$I,'JOB COSTING'!$C:$C,">="&EOMONTH($A4,-1)+1,'JOB COSTING'!$C:$C,"<="&EOMONTH($A4,0),'JOB COSTING'!$D:$D,"Subcontractors") -> 0 | F4: =SUMIFS(EXPENSES!$J:$J,EXPENSES!$B:$B,">="&EOMONTH($A4,-1)+1,EXPENSES!$B:$B,"<="&EOMONTH($A4,0)) -> 0 | G4: =C4+D4+E4+F4 -> 0 | H4: =B4-C4-D4-E4 -> 0 | I4: =H4-F4 -> 0 | J4: =IFERROR(I4/B4,0) -> 0
A5: 46113 | B5: =SUMIFS(INVOICES!$I:$I,INVOICES!$D:$D,">="&EOMONTH($A5,-1)+1,INVOICES!$D:$D,"<="&EOMONTH($A5,0)) -> 0 | C5: =SUMIFS('JOB COSTING'!$I:$I,'JOB COSTING'!$C:$C,">="&EOMONTH($A5,-1)+1,'JOB COSTING'!$C:$C,"<="&EOMONTH($A5,0),'JOB COSTING'!$D:$D,"Parts") -> 0 | D5: =SUMIFS('JOB COSTING'!$I:$I,'JOB COSTING'!$C:$C,">="&EOMONTH($A5,-1)+1,'JOB COSTING'!$C:$C,"<="&EOMONTH($A5,0),'JOB COSTING'!$D:$D,"Labor") -> 0 | E5: =SUMIFS('JOB COSTING'!$I:$I,'JOB COSTING'!$C:$C,">="&EOMONTH($A5,-1)+1,'JOB COSTING'!$C:$C,"<="&EOMONTH($A5,0),'JOB COSTING'!$D:$D,"Subcontractor")+SUMIFS('JOB COSTING'!$I:$I,'JOB COSTING'!$C:$C,">="&EOMONTH($A5,-1)+1,'JOB COSTING'!$C:$C,"<="&EOMONTH($A5,0),'JOB COSTING'!$D:$D,"Subcontractors") -> 0 | F5: =SUMIFS(EXPENSES!$J:$J,EXPENSES!$B:$B,">="&EOMONTH($A5,-1)+1,EXPENSES!$B:$B,"<="&EOMONTH($A5,0)) -> 0 | G5: =C5+D5+E5+F5 -> 0 | H5: =B5-C5-D5-E5 -> 0 | I5: =H5-F5 -> 0 | J5: =IFERROR(I5/B5,0) -> 0
A6: 46143 | B6: =SUMIFS(INVOICES!$I:$I,INVOICES!$D:$D,">="&EOMONTH($A6,-1)+1,INVOICES!$D:$D,"<="&EOMONTH($A6,0)) -> 0 | C6: =SUMIFS('JOB COSTING'!$I:$I,'JOB COSTING'!$C:$C,">="&EOMONTH($A6,-1)+1,'JOB COSTING'!$C:$C,"<="&EOMONTH($A6,0),'JOB COSTING'!$D:$D,"Parts") -> 0 | D6: =SUMIFS('JOB COSTING'!$I:$I,'JOB COSTING'!$C:$C,">="&EOMONTH($A6,-1)+1,'JOB COSTING'!$C:$C,"<="&EOMONTH($A6,0),'JOB COSTING'!$D:$D,"Labor") -> 0 | E6: =SUMIFS('JOB COSTING'!$I:$I,'JOB COSTING'!$C:$C,">="&EOMONTH($A6,-1)+1,'JOB COSTING'!$C:$C,"<="&EOMONTH($A6,0),'JOB COSTING'!$D:$D,"Subcontractor")+SUMIFS('JOB COSTING'!$I:$I,'JOB COSTING'!$C:$C,">="&EOMONTH($A6,-1)+1,'JOB COSTING'!$C:$C,"<="&EOMONTH($A6,0),'JOB COSTING'!$D:$D,"Subcontractors") -> 0 | F6: =SUMIFS(EXPENSES!$J:$J,EXPENSES!$B:$B,">="&EOMONTH($A6,-1)+1,EXPENSES!$B:$B,"<="&EOMONTH($A6,0)) -> 0 | G6: =C6+D6+E6+F6 -> 0 | H6: =B6-C6-D6-E6 -> 0 | I6: =H6-F6 -> 0 | J6: =IFERROR(I6/B6,0) -> 0
A7: 46174 | B7: =SUMIFS(INVOICES!$I:$I,INVOICES!$D:$D,">="&EOMONTH($A7,-1)+1,INVOICES!$D:$D,"<="&EOMONTH($A7,0)) -> 0 | C7: =SUMIFS('JOB COSTING'!$I:$I,'JOB COSTING'!$C:$C,">="&EOMONTH($A7,-1)+1,'JOB COSTING'!$C:$C,"<="&EOMONTH($A7,0),'JOB COSTING'!$D:$D,"Parts") -> 0 | D7: =SUMIFS('JOB COSTING'!$I:$I,'JOB COSTING'!$C:$C,">="&EOMONTH($A7,-1)+1,'JOB COSTING'!$C:$C,"<="&EOMONTH($A7,0),'JOB COSTING'!$D:$D,"Labor") -> 0 | E7: =SUMIFS('JOB COSTING'!$I:$I,'JOB COSTING'!$C:$C,">="&EOMONTH($A7,-1)+1,'JOB COSTING'!$C:$C,"<="&EOMONTH($A7,0),'JOB COSTING'!$D:$D,"Subcontractor")+SUMIFS('JOB COSTING'!$I:$I,'JOB COSTING'!$C:$C,">="&EOMONTH($A7,-1)+1,'JOB COSTING'!$C:$C,"<="&EOMONTH($A7,0),'JOB COSTING'!$D:$D,"Subcontractors") -> 0 | F7: =SUMIFS(EXPENSES!$J:$J,EXPENSES!$B:$B,">="&EOMONTH($A7,-1)+1,EXPENSES!$B:$B,"<="&EOMONTH($A7,0)) -> 0 | G7: =C7+D7+E7+F7 -> 0 | H7: =B7-C7-D7-E7 -> 0 | I7: =H7-F7 -> 0 | J7: =IFERROR(I7/B7,0) -> 0
A8: 46204 | B8: =SUMIFS(INVOICES!$I:$I,INVOICES!$D:$D,">="&EOMONTH($A8,-1)+1,INVOICES!$D:$D,"<="&EOMONTH($A8,0)) -> 0 | C8: =SUMIFS('JOB COSTING'!$I:$I,'JOB COSTING'!$C:$C,">="&EOMONTH($A8,-1)+1,'JOB COSTING'!$C:$C,"<="&EOMONTH($A8,0),'JOB COSTING'!$D:$D,"Parts") -> 0 | D8: =SUMIFS('JOB COSTING'!$I:$I,'JOB COSTING'!$C:$C,">="&EOMONTH($A8,-1)+1,'JOB COSTING'!$C:$C,"<="&EOMONTH($A8,0),'JOB COSTING'!$D:$D,"Labor") -> 0 | E8: =SUMIFS('JOB COSTING'!$I:$I,'JOB COSTING'!$C:$C,">="&EOMONTH($A8,-1)+1,'JOB COSTING'!$C:$C,"<="&EOMONTH($A8,0),'JOB COSTING'!$D:$D,"Subcontractor")+SUMIFS('JOB COSTING'!$I:$I,'JOB COSTING'!$C:$C,">="&EOMONTH($A8,-1)+1,'JOB COSTING'!$C:$C,"<="&EOMONTH($A8,0),'JOB COSTING'!$D:$D,"Subcontractors") -> 0 | F8: =SUMIFS(EXPENSES!$J:$J,EXPENSES!$B:$B,">="&EOMONTH($A8,-1)+1,EXPENSES!$B:$B,"<="&EOMONTH($A8,0)) -> 0 | G8: =C8+D8+E8+F8 -> 0 | H8: =B8-C8-D8-E8 -> 0 | I8: =H8-F8 -> 0 | J8: =IFERROR(I8/B8,0) -> 0
A9: 46235 | B9: =SUMIFS(INVOICES!$I:$I,INVOICES!$D:$D,">="&EOMONTH($A9,-1)+1,INVOICES!$D:$D,"<="&EOMONTH($A9,0)) -> 0 | C9: =SUMIFS('JOB COSTING'!$I:$I,'JOB COSTING'!$C:$C,">="&EOMONTH($A9,-1)+1,'JOB COSTING'!$C:$C,"<="&EOMONTH($A9,0),'JOB COSTING'!$D:$D,"Parts") -> 0 | D9: =SUMIFS('JOB COSTING'!$I:$I,'JOB COSTING'!$C:$C,">="&EOMONTH($A9,-1)+1,'JOB COSTING'!$C:$C,"<="&EOMONTH($A9,0),'JOB COSTING'!$D:$D,"Labor") -> 0 | E9: =SUMIFS('JOB COSTING'!$I:$I,'JOB COSTING'!$C:$C,">="&EOMONTH($A9,-1)+1,'JOB COSTING'!$C:$C,"<="&EOMONTH($A9,0),'JOB COSTING'!$D:$D,"Subcontractor")+SUMIFS('JOB COSTING'!$I:$I,'JOB COSTING'!$C:$C,">="&EOMONTH($A9,-1)+1,'JOB COSTING'!$C:$C,"<="&EOMONTH($A9,0),'JOB COSTING'!$D:$D,"Subcontractors") -> 0 | F9: =SUMIFS(EXPENSES!$J:$J,EXPENSES!$B:$B,">="&EOMONTH($A9,-1)+1,EXPENSES!$B:$B,"<="&EOMONTH($A9,0)) -> 0 | G9: =C9+D9+E9+F9 -> 0 | H9: =B9-C9-D9-E9 -> 0 | I9: =H9-F9 -> 0 | J9: =IFERROR(I9/B9,0) -> 0
A10: 46266 | B10: =SUMIFS(INVOICES!$I:$I,INVOICES!$D:$D,">="&EOMONTH($A10,-1)+1,INVOICES!$D:$D,"<="&EOMONTH($A10,0)) -> 10000 | C10: =SUMIFS('JOB COSTING'!$I:$I,'JOB COSTING'!$C:$C,">="&EOMONTH($A10,-1)+1,'JOB COSTING'!$C:$C,"<="&EOMONTH($A10,0),'JOB COSTING'!$D:$D,"Parts") -> 3000 | D10: =SUMIFS('JOB COSTING'!$I:$I,'JOB COSTING'!$C:$C,">="&EOMONTH($A10,-1)+1,'JOB COSTING'!$C:$C,"<="&EOMONTH($A10,0),'JOB COSTING'!$D:$D,"Labor") -> 2500 | E10: =SUMIFS('JOB COSTING'!$I:$I,'JOB COSTING'!$C:$C,">="&EOMONTH($A10,-1)+1,'JOB COSTING'!$C:$C,"<="&EOMONTH($A10,0),'JOB COSTING'!$D:$D,"Subcontractor")+SUMIFS('JOB COSTING'!$I:$I,'JOB COSTING'!$C:$C,">="&EOMONTH($A10,-1)+1,'JOB COSTING'!$C:$C,"<="&EOMONTH($A10,0),'JOB COSTING'!$D:$D,"Subcontractors") -> 2500 | F10: =SUMIFS(EXPENSES!$J:$J,EXPENSES!$B:$B,">="&EOMONTH($A10,-1)+1,EXPENSES!$B:$B,"<="&EOMONTH($A10,0)) -> 1000 | G10: =C10+D10+E10+F10 -> 9000 | H10: =B10-C10-D10-E10 -> 2000 | I10: =H10-F10 -> 1000 | J10: =IFERROR(I10/B10,0) -> 0.1
A11: 46296 | B11: =SUMIFS(INVOICES!$I:$I,INVOICES!$D:$D,">="&EOMONTH($A11,-1)+1,INVOICES!$D:$D,"<="&EOMONTH($A11,0)) -> 0 | C11: =SUMIFS('JOB COSTING'!$I:$I,'JOB COSTING'!$C:$C,">="&EOMONTH($A11,-1)+1,'JOB COSTING'!$C:$C,"<="&EOMONTH($A11,0),'JOB COSTING'!$D:$D,"Parts") -> 0 | D11: =SUMIFS('JOB COSTING'!$I:$I,'JOB COSTING'!$C:$C,">="&EOMONTH($A11,-1)+1,'JOB COSTING'!$C:$C,"<="&EOMONTH($A11,0),'JOB COSTING'!$D:$D,"Labor") -> 0 | E11: =SUMIFS('JOB COSTING'!$I:$I,'JOB COSTING'!$C:$C,">="&EOMONTH($A11,-1)+1,'JOB COSTING'!$C:$C,"<="&EOMONTH($A11,0),'JOB COSTING'!$D:$D,"Subcontractor")+SUMIFS('JOB COSTING'!$I:$I,'JOB COSTING'!$C:$C,">="&EOMONTH($A11,-1)+1,'JOB COSTING'!$C:$C,"<="&EOMONTH($A11,0),'JOB COSTING'!$D:$D,"Subcontractors") -> 0 | F11: =SUMIFS(EXPENSES!$J:$J,EXPENSES!$B:$B,">="&EOMONTH($A11,-1)+1,EXPENSES!$B:$B,"<="&EOMONTH($A11,0)) -> 0 | G11: =C11+D11+E11+F11 -> 0 | H11: =B11-C11-D11-E11 -> 0 | I11: =H11-F11 -> 0 | J11: =IFERROR(I11/B11,0) -> 0
A12: 46327 | B12: =SUMIFS(INVOICES!$I:$I,INVOICES!$D:$D,">="&EOMONTH($A12,-1)+1,INVOICES!$D:$D,"<="&EOMONTH($A12,0)) -> 0 | C12: =SUMIFS('JOB COSTING'!$I:$I,'JOB COSTING'!$C:$C,">="&EOMONTH($A12,-1)+1,'JOB COSTING'!$C:$C,"<="&EOMONTH($A12,0),'JOB COSTING'!$D:$D,"Parts") -> 0 | D12: =SUMIFS('JOB COSTING'!$I:$I,'JOB COSTING'!$C:$C,">="&EOMONTH($A12,-1)+1,'JOB COSTING'!$C:$C,"<="&EOMONTH($A12,0),'JOB COSTING'!$D:$D,"Labor") -> 0 | E12: =SUMIFS('JOB COSTING'!$I:$I,'JOB COSTING'!$C:$C,">="&EOMONTH($A12,-1)+1,'JOB COSTING'!$C:$C,"<="&EOMONTH($A12,0),'JOB COSTING'!$D:$D,"Subcontractor")+SUMIFS('JOB COSTING'!$I:$I,'JOB COSTING'!$C:$C,">="&EOMONTH($A12,-1)+1,'JOB COSTING'!$C:$C,"<="&EOMONTH($A12,0),'JOB COSTING'!$D:$D,"Subcontractors") -> 0 | F12: =SUMIFS(EXPENSES!$J:$J,EXPENSES!$B:$B,">="&EOMONTH($A12,-1)+1,EXPENSES!$B:$B,"<="&EOMONTH($A12,0)) -> 0 | G12: =C12+D12+E12+F12 -> 0 | H12: =B12-C12-D12-E12 -> 0 | I12: =H12-F12 -> 0 | J12: =IFERROR(I12/B12,0) -> 0
A13: 46357 | B13: =SUMIFS(INVOICES!$I:$I,INVOICES!$D:$D,">="&EOMONTH($A13,-1)+1,INVOICES!$D:$D,"<="&EOMONTH($A13,0)) -> 0 | C13: =SUMIFS('JOB COSTING'!$I:$I,'JOB COSTING'!$C:$C,">="&EOMONTH($A13,-1)+1,'JOB COSTING'!$C:$C,"<="&EOMONTH($A13,0),'JOB COSTING'!$D:$D,"Parts") -> 0 | D13: =SUMIFS('JOB COSTING'!$I:$I,'JOB COSTING'!$C:$C,">="&EOMONTH($A13,-1)+1,'JOB COSTING'!$C:$C,"<="&EOMONTH($A13,0),'JOB COSTING'!$D:$D,"Labor") -> 0 | E13: =SUMIFS('JOB COSTING'!$I:$I,'JOB COSTING'!$C:$C,">="&EOMONTH($A13,-1)+1,'JOB COSTING'!$C:$C,"<="&EOMONTH($A13,0),'JOB COSTING'!$D:$D,"Subcontractor")+SUMIFS('JOB COSTING'!$I:$I,'JOB COSTING'!$C:$C,">="&EOMONTH($A13,-1)+1,'JOB COSTING'!$C:$C,"<="&EOMONTH($A13,0),'JOB COSTING'!$D:$D,"Subcontractors") -> 0 | F13: =SUMIFS(EXPENSES!$J:$J,EXPENSES!$B:$B,">="&EOMONTH($A13,-1)+1,EXPENSES!$B:$B,"<="&EOMONTH($A13,0)) -> 0 | G13: =C13+D13+E13+F13 -> 0 | H13: =B13-C13-D13-E13 -> 0 | I13: =H13-F13 -> 0 | J13: =IFERROR(I13/B13,0) -> 0
A14: TOTAL 2026 | B14: =SUM(B2:B13) -> 10000 | C14: =SUM(C2:C13) -> 3000 | D14: =SUM(D2:D13) -> 2500 | E14: =SUM(E2:E13) -> 2500 | F14: =SUM(F2:F13) -> 1000 | G14: =SUM(G2:G13) -> 9000 | H14: =SUM(H2:H13) -> 2000 | I14: =SUM(I2:I13) -> 1000 | J14: =IFERROR(I14/B14,0) -> 0.1

Sheet DASHBOARD
A1: HVAC BUSINESS MANAGER - DASHBOARD
A4: KPI | B4: Current Value | C4: Notes | E4: JOB PERFORMANCE
A5: Total Revenue | B5: =SUM(INVOICES!$I:$I) -> 10000 | C5: Based on issued invoices | E5: Metric | F5: Value
A6: Total Expenses | B6: =SUM('JOB COSTING'!$I:$I)+SUM(EXPENSES!$J:$J) -> 9000 | C6: Direct job costs + operating expenses | E6: Completed Jobs | F6: =COUNTIF(JOBS!$G:$G,"Completed") -> 0
A7: Gross Profit | B7: =B5-SUM('JOB COSTING'!$I:$I) -> 2000 | C7: Revenue minus direct job costs | E7: Average Job Value | F7: =IFERROR(AVERAGEIF(JOBS!$H:$H,">0"),0) -> 10000
A8: Net Profit | B8: =B7-SUM(EXPENSES!$J:$J) -> 1000 | C8: Gross profit minus operating expenses | E8: Average Job Margin | F8: =IFERROR(SUM(JOBS!$K:$K)/SUM(JOBS!$H:$H),0) -> 0.2
A9: Outstanding Invoices | B9: =SUM(INVOICES!$K:$K) -> 4000 | C9: Outstanding balance on invoices | E9: Total Job Costs | F9: =SUM('JOB COSTING'!$I:$I) -> 8000
A10: Active Jobs | B10: =COUNTIF(JOBS!$G:$G,"Lead")+COUNTIF(JOBS!$G:$G,"Quoted")+COUNTIF(JOBS!$G:$G,"Approved")+COUNTIF(JOBS!$G:$G,"In Progress")+COUNTIF(JOBS!$G:$G,"On Hold") -> 1 | E10: Total Job Profit | F10: =SUM(JOBS!$K:$K) -> 2000
A11: Open Service Calls | B11: =COUNTIF('SERVICE CALLS'!G:G,"In Progress") -> 0
A12: Active Maintenance Agreements | B12: =COUNTIF('MAINTENANCE AGREEMENTS'!K:K,"Approved")+COUNTIF('MAINTENANCE AGREEMENTS'!K:K,"In Progress") -> 1 | E12: Overdue Invoices | F12: =COUNTIF(INVOICES!$F:$F,"Overdue") -> 0
E14: Low Stock Parts | F14: =COUNTIF('PARTS INVENTORY'!H:H,"<5") -> 0
E15: Expiring Maintenance Agreements | F15: =COUNTIFS('MAINTENANCE AGREEMENTS'!F:F,">="&TODAY(),'MAINTENANCE AGREEMENTS'!F:F,"<="&TODAY()+30) -> 0
E16: Upcoming Service Calls | F16: =COUNTIFS('SERVICE CALLS'!D:D,">="&TODAY(),'SERVICE CALLS'!D:D,"<="&TODAY()+30) -> 0

Sheet REPORTS
A1: Report / KPI | B1: Current Period | C1: Previous Period | D1: Change | E1: Notes
A2: Revenue | B2: =SUMIFS(INVOICES!I:I,INVOICES!D:D,">="&EOMONTH(TODAY(),-1)+1,INVOICES!D:D,"<="&EOMONTH(TODAY(),0)) -> 0 | C2: =SUMIFS(INVOICES!I:I,INVOICES!D:D,">="&EOMONTH(TODAY(),-2)+1,INVOICES!D:D,"<="&EOMONTH(TODAY(),-1)) -> 10000 | D2: =IF(C2=0,IF(B2=0,0,"N/A"),(B2-C2)/C2) -> -1
A3: Total Expenses | B3: =SUMIFS(EXPENSES!J:J,EXPENSES!B:B,">="&EOMONTH(TODAY(),-1)+1,EXPENSES!B:B,"<="&EOMONTH(TODAY(),0))+SUMIFS('JOB COSTING'!I:I,'JOB COSTING'!C:C,">="&EOMONTH(TODAY(),-1)+1,'JOB COSTING'!C:C,"<="&EOMONTH(TODAY(),0)) -> 0 | C3: =SUMIFS(EXPENSES!J:J,EXPENSES!B:B,">="&EOMONTH(TODAY(),-2)+1,EXPENSES!B:B,"<="&EOMONTH(TODAY(),-1)) -> 1000 | D3: =IF(C3=0,IF(B3=0,0,"N/A"),(B3-C3)/C3) -> -1
A4: Net Profit | B4: =B2-B3 -> 0 | C4: =C2-C3 -> 9000 | D4: =IF(C4=0,IF(B4=0,0,"N/A"),(B4-C4)/C4) -> -1
A5: Profit Margin | B5: =IFERROR(B4/B2,0) -> 0 | C5: =IFERROR(C4/C2,0) -> 0.9 | D5: =IF(C5=0,IF(B5=0,0,"N/A"),(B5-C5)/C5) -> -1
A6: Completed Jobs | B6: =COUNTIFS(JOBS!G:G,"Completed",JOBS!F:F,">="&EOMONTH(TODAY(),-1)+1,JOBS!F:F,"<="&EOMONTH(TODAY(),0)) -> 0 | C6: =COUNTIFS(JOBS!G:G,"Completed",JOBS!F:F,">="&EOMONTH(TODAY(),-2)+1,JOBS!F:F,"<="&EOMONTH(TODAY(),-1)) -> 0 | D6: =IF(C6=0,IF(B6=0,0,"N/A"),(B6-C6)/C6) -> 0
A7: Average Job Value | B7: =IFERROR(AVERAGEIFS(JOBS!H:H,JOBS!E:E,">="&EOMONTH(TODAY(),-1)+1,JOBS!E:E,"<="&EOMONTH(TODAY(),0)),0) -> 0 | C7: =IFERROR(AVERAGEIFS(JOBS!H:H,JOBS!E:E,">="&EOMONTH(TODAY(),-2)+1,JOBS!E:E,"<="&EOMONTH(TODAY(),-1)),0) -> 10000 | D7: =IF(C7=0,IF(B7=0,0,"N/A"),(B7-C7)/C7) -> -1
A8: Outstanding Invoices | B8: =SUMIFS(INVOICES!$K:$K,INVOICES!$D:$D,"<="&EOMONTH(TODAY(),0),INVOICES!$K:$K,">0") -> 4000 | C8: =SUMIFS(INVOICES!$K:$K,INVOICES!$D:$D,"<="&EOMONTH(TODAY(),-1),INVOICES!$K:$K,">0") -> 4000 | D8: =IF(C8=0,IF(B8=0,0,"N/A"),(B8-C8)/C8) -> 0
A9: Payments Received | B9: =SUMIFS(PAYMENTS!F:F,PAYMENTS!D:D,">="&EOMONTH(TODAY(),-1)+1,PAYMENTS!D:D,"<="&EOMONTH(TODAY(),0)) -> 0 | C9: =SUMIFS(PAYMENTS!F:F,PAYMENTS!D:D,">="&EOMONTH(TODAY(),-2)+1,PAYMENTS!D:D,"<="&EOMONTH(TODAY(),-1)) -> 6000 | D9: =IF(C9=0,IF(B9=0,0,"N/A"),(B9-C9)/C9) -> -1
A10: Active Maintenance Agreements | B10: =COUNTIF('MAINTENANCE AGREEMENTS'!$K:$K,"Approved")+COUNTIF('MAINTENANCE AGREEMENTS'!$K:$K,"In Progress") -> 1 | C10: ="N/A" -> N/A | D10: =IF(OR(C10="N/A",C10=0),IF(B10=0,0,"N/A"),(B10-C10)/C10) -> N/A
A11: Service Calls Completed | B11: =COUNTIFS('SERVICE CALLS'!D:D,">="&EOMONTH(TODAY(),-1)+1,'SERVICE CALLS'!D:D,"<="&EOMONTH(TODAY(),0),'SERVICE CALLS'!G:G,"Completed") -> 0 | C11: =COUNTIFS('SERVICE CALLS'!D:D,">="&EOMONTH(TODAY(),-2)+1,'SERVICE CALLS'!D:D,"<="&EOMONTH(TODAY(),-1),'SERVICE CALLS'!G:G,"Completed") -> 0 | D11: =IF(C11=0,IF(B11=0,0,"N/A"),(B11-C11)/C11) -> 0
